 Dungeon Crawl Stone Soup version 0.23-a0-49-gd9f7a49 (webtiles) character file.

2 Amnesiac the Magician (level 1, -2/13 HPs)
             Began as a Mummy Air Elementalist on Aug 7, 2018.
             Slain by an adder (3 damage)
             ... on level 2 of the Dungeon.
             The game lasted 00:00:43 (114 turns).

Amnesiac the Magician (Mummy Air Elementalist)       Turns: 114, Time: 00:00:44

Health: -2/13      AC:  2    Str: 11    XL:     1   Next: 33%
Magic:  4/4        EV: 12    Int: 14    God:
Gold:   0          SH:  0    Dex: 12    Spells: 4/5 levels left

rFire    x . .     SeeInvis .   (no weapon)
rCold    + . .     Gourm    .   (no shield)
rNeg     + + +     Faith    .   a - +0 robe
rPois    ∞         Spirit   .   (no helmet)
rElec    .         Reflect  .   (no cloak)
rCorr    .         Harm     .   (no gloves)
MR       .....                  (no boots)
Stlth    ++........             (no amulet)
HPRegen  0.04/turn              (no ring)
MPRegen  0.09/turn              (no ring)

@: no status effects
A: no food or potions, fire vulnerability, cold resistance 1, negative energy
resistance 3, torment resistance, unbreathing
a: no special abilities


You were on level 2 of the Dungeon.
You were not hungry.

You visited 1 branch of the dungeon, and saw 2 of its levels.

Inventory:

Armour
 a - a +0 robe (worn)


   Skills:
 - Level 1.5 Dodging
 - Level 1.5 Stealth
 - Level 2.6 Spellcasting
 - Level 0.7 Conjurations
 + Level 2.6 Air Magic


You had 4 spell levels left.
You knew the following spells:

 Your Spells              Type           Power        Failure   Level  Hunger
a - Shock                 Conj/Air       #...         11%         1    N/A

Your spell library contained the following spells:

 Spells                   Type           Power        Failure   Level  Hunger
 Lightning Bolt           Conj/Air       #.........   97%         5    N/A
 Swiftness                Chrm/Air       #.......     21%         2    N/A
 Airstrike                Air            #.........   58%         4    N/A
 Static Discharge         Conj/Air       #.......     32%         3    N/A

Dungeon Overview and Level Annotations

Branches:
Dungeon (2/15)

Altars:


Innate Abilities, Weirdness & Mutations

You do not eat or drink.
Your flesh is vulnerable to fire.
You are immune to poison.
Your flesh is cold resistant. (rC+)
You are immune to negative energy. (rN+++)
You are immune to unholy pain and torment.
You can survive without breathing.


Message History

You see here a stone.
A rat and a kobold come into view.
The kobold shouts!
The rat twitches its whiskers.
Found 32 gold pieces.
A bat comes into view.
The kobold hits you but does no damage.
The kobold throws a stone.
The stone hits you.
* * * LOW HITPOINT WARNING * * *
The bat moves out of view.
You see here a stone.
The hobgoblin hits you but does no damage.
The bat hits you but does no damage. The bat completely misses you.
The bat barely misses you.
You hit the bat.
The bat is moderately wounded.
The bat barely misses you.
The hobgoblin hits you but does no damage.
A hobgoblin comes into view.
The hobgoblin shouts!
The bat misses you. The bat hits you but does no damage.
The bat barely misses you.
You miss the bat.
The bat is moderately wounded.
The bat barely misses you.
You hit the bat but do no damage.
The bat is moderately wounded.
The bat closely misses you. The bat hits you.
* * * LOW HITPOINT WARNING * * *
The bat barely misses you.
You hit the bat but do no damage.
The bat is moderately wounded.
The bat closely misses you.
You hit the bat.
You kill the bat!
You open the door. The goblin hits you.
* * * LOW HITPOINT WARNING * * *
There is an open door here.
Found a small jade ring.
The goblin barely misses you.
There is a dry fountain here.
There is a stone staircase leading down here.
You climb downwards.
A leopard gecko, 2 adders and an ooze come into view.
The ooze quivers.
Found five items.
Found a stone staircase leading down.
There is a stone staircase leading up here.
The adder hisses angrily.
Found a scroll labeled NIAZOIW HATO.
The leopard gecko hisses angrily.
The adder hisses angrily.
The adder bites you.
* * * LOW HITPOINT WARNING * * *
An adder comes into view.
The adder hisses angrily.
Found an escape hatch in the ceiling.
The adder barely misses you.
Found 27 stones.
Found 11 gold pieces.
The adder bites you.
* * * LOW HITPOINT WARNING * * *
The adder closely misses you. The adder bites you.
You die...

.....###. ..###
..#..... ###
..$. ...#). ...#
.(.# !........#
...###...#....##
#...##.#.#.....#
#?.##..........
#..##..<.......
#@S...........
#S#l..........
#.##......?...
#g###...?.....
#.S...........
###S###>.#####
#.# #..# ..<
.... ..... #....


You could see 3 adders, a leopard gecko and a goblin.

Vanquished Creatures
  A bat (D:1)
  A goblin (D:1)
2 creatures vanquished.

Notes
Turn   | Place    | Note
-------+----------+-------------------------------------------
     0 | D:1      | Amnesiac the Mummy Air Elementalist began the quest for the Orb.
     0 | D:1      | Reached XP level 1. HP: 13/13 MP: 4/4
   114 | D:2      | Slain by an adder

Vault maps used:
D:1:      noname_arrival_rooms_in_the_neighbourhood
D:2:      uniq_jessica

Action                   || total
-------------------------++-------
Melee: Unarmed           ||     9
Armor: Robe              ||     4
Dodge: Dodged            ||    17

Table legend:
 A = Spawn XP
 B = Non-spawn XP
 C = Spawn XP percentage of total XP
 D = Spawn monster count
 E = Non-spawn monster count
 F = Spawn count percentage of total count
 G = Total turns spent on level
                    A         B        C        D         E        F      G
               +---------+---------+-------+---------+---------+-------+---------
         Total |       0 |       4 |   0.0 |       0 |       2 |   0.0 |   114
               +---------+---------+-------+---------+---------+-------+---------
           D:1 |       0 |       4 |   0.0 |       0 |       2 |   0.0 |   103
               +---------+---------+-------+---------+---------+-------+---------
